 Dungeon Crawl Stone Soup version 0.17-a0-1554-g3b847ca (webtiles) character file.

112 mrath the Digger (level 4, 0/24 HPs)
             Began as a Gargoyle Earth Elementalist on July 19, 2015.
             Killed by divine providence
             ... invoked by an orc priest
              (12 damage)
             ... on level 4 of the Dungeon.
             The game lasted 00:23:35 (2990 turns).

mrath the Digger (Gargoyle Earth Elementalist)      Turns: 2990, Time: 00:23:35

Health: 0/24       AC:  9    Str: 12    XL:     4   Next: 95%
Magic:  7/9        EV: 12    Int: 16    God:
Gold:   161        SH:  0    Dex: 10    Spells: 1 memorised, 9 levels left

rFire  . . .     SeeInvis +     a - 44 stones
rCold  . . .     Clarity  .     b - +0 robe
rNeg   + . .     SustAt   .     (no shield)
rPois  ∞         Gourm    .     (no helmet)
rElec  +         Spirit   .     r - +0 cloak
rCorr  +         Warding  .     (no gloves)
rMut   .         Stasis   .     (no boots)
MR     .....                    v - amulet of resist corrosion
Stlth  ++........               p - +3 ring of protection
                                x - ring of see invisible

@: not resistant to hostile enchantments, unstealthy
A: negative energy resistance 1, electricity resistance, unbreathing,
petrification resistance, rot immunity, AC +3
a: no special abilities


You were on level 4 of the Dungeon.
You were not hungry.

You visited 1 branch of the dungeon, and saw 4 of its levels.

You collected 161 gold pieces.

Inventory:

Hand weapons
 i - a +0 short sword
 w - a +0 quarterstaff
 D - a +0 flail
 E - a +0 dagger of draining
Missiles
 a - 44 stones (in hand)
 l - 13 javelins (quivered)
 m - 13 poisoned arrows
 z - a throwing net
 A - 15 sling bullets
Armour
 b - a +0 robe (worn)
 r - a +0 cloak (worn)
Jewellery
 p - a +3 ring of protection (right hand)
 v - an amulet of resist corrosion (around neck)
 x - a ring of see invisible (left hand)
 y - a +3 ring of intelligence {unknown}
 C - a +4 ring of evasion {unknown}
Scrolls
 e - 2 scrolls of identify
 f - a scroll of remove curse {unknown}
 k - a scroll of teleportation {unknown}
 q - a scroll of enchant armour {unknown}
 s - a scroll of noise {unknown}
 B - a scroll of recharging {unknown}
Potions
 h - a potion of cure mutation {unknown}
 n - a potion of might {unknown}
 t - a potion of curing {unknown}
Books
 c - a book of Geomancy

   Spells                             Type                      Level
   a - Sandblast                      Earth                        1
   b - Stoneskin                      Transmutation/Earth          2
   c - Passwall                       Transmutation/Earth          3
   d - Stone Arrow                    Conjuration/Earth            3
   e - Petrify                        Transmutation/Earth          4
   f - Lee's Rapid Deconstruction     Earth                        5
Comestibles
 d - 5 bread rations
 g - 2 royal jellies
 j - a chunk of flesh
 o - 3 fruits
 u - 5 meat rations


   Skills:
 - Level 1.5 Dodging
 - Level 2.1 Stealth
 * Level 3.8 Spellcasting
   Level 0.7 Transmutations
 + Level 4.9 Earth Magic


You had 9 spell levels left.
You knew the following spells:

 Your Spells              Type           Power        Failure   Level  Hunger
a - Sandblast             Erth           ###...       2%          1    None


Dungeon Overview and Level Annotations

Branches:
Dungeon (4/15)
 Temple: D:4-7

Altars:
Cheibriados
Kikubaaqudgha


Innate Abilities, Weirdness & Mutations

You are resistant to torment.
Your stone body is resilient (AC +3).
You are immune to poison.
You resist negative energy.
You are resistant to electric shocks.
You can survive without breathing.
You are immune to petrification.
You are immune to rotting.


Message History

Confirm with . or Enter, or press ? or * to list all spells.
Aiming: Sandblast
Press: ? - help, Shift-Dir - straight line, f - orc wizard
Aim: an orc wizard, wielding a dagger and wearing a robe The rocky blast hits the orc wizard.
The orc wizard is moderately wounded.
The orc priest calls down the wrath of Beogh upon you.
Something smites you!
Ouch! That really hurt!
Casting: Sandblast
Confirm with . or Enter, or press ? or * to list all spells.
Aiming: Sandblast
Press: ? - help, Shift-Dir - straight line, f/p - orc wizard
Aim: an orc wizard, wielding a dagger and wearing a robe (moderately wounded)
The rocky blast hits the orc wizard.
The orc wizard is severely wounded.
The orc priest calls down the wrath of Beogh upon you.
Something smites you!
Ouch! That really hurt!
You die...

######<.......
#.......########
#.####.#####...#
#.# #.........#
#.# #######.#<#
#.# #.#.# #.#
#.#.# #.# #.#.#
# #.# #.#@#.# #
#.#o#.##...
#.#>.......
#o.......
#....o#.##.##
........!..# #
.##oo...####
(.......
###.....#


You could see an orc priest, an orc wizard and an orc.

Vanquished Creatures
  A giant frog skeleton (D:4)
  2 adders
  An ooze (D:2)
  A worm (D:3)
  4 giant geckos
  5 orcs (D:3)
  3 ball pythons
  6 goblins
  5 hobgoblins
  4 jackals (D:3)
  5 kobolds
  5 bats
  2 giant newts
  9 rats
53 creatures vanquished.

Notes
Turn   | Place    | Note
--------------------------------------------------------------
     0 | D:1      | mrath the Gargoyle Earth Elementalist began the quest for the Orb.
     0 | D:1      | Reached XP level 1. HP: 10/10 MP: 3/3
   360 | D:1      | Reached skill level 4 in Earth Magic
   360 | D:1      | Reached XP level 2. HP: 15/15 MP: 1/5
  1332 | D:2      | Found a faded altar to an unknown god.
  1384 | D:2      | Reached XP level 3. HP: 19/19 MP: 7/7
  2111 | D:3      | Found a snail-covered altar of Cheibriados.
  2188 | D:3      | Found an ancient bone altar of Kikubaaqudgha.
  2311 | D:3      | Reached XP level 4. HP: 24/24 MP: 6/8
  2990 | D:4      | Killed from afar by an orc priest

Vault maps used:
D:1:      minmay_arrival_arboretum_small
D:2:      ecumenical_altar_2
D:3:      cheibriados_altar_1, kiku_gazebo_garden_becter, first_bread
D:4:      grunt_temple_overflow_open, nicolae_overflow_hidden_temple,
          xom_confusion_cloud, uniq_grinder

Action                   |  1- 3 |  4- 6 || total
-------------------------+-------+-------++-------
Melee: Short sword       |    39 |    13 ||    52
Throw: Javelin           |    27 |    13 ||    40
 Cast: Sandblast         |    40 |    23 ||    63
  Use: Scroll            |     1 |     2 ||     3
  Eat: Chunk             |     5 |     2 ||     7
